MID
BINGHAMTON METS @ AUGUSTA GREENJACKETS
08/15/2045
 
TOP OF THE 1ST
Binghamton Mets batting - Pitching for Augusta GreenJackets : RHP Josh Harriston
Pitching: RHP Josh Harriston
Batting: RHB Ben Herman 0-0: Ball
1-0: Reached on error, E5 (Groundball, 5S, EV 92.5 MPH)
Batting: LHB Bayesa Mundhir 0-0: DOUBLE (Line Drive, 7LS, EV 102.5 MPH)
Ben Herman to third
Ben Herman scores
Batting: RHB Bobby Mabrey 0-0: Called Strike
0-1: Called Strike
0-2: Ball
1-2: Strikes out looking
Batting: SHB Julio Ramos 0-0: Fly out, F9 (Flyball, 89S, EV 93.1 MPH)
Batting: RHB Gang-sheng Chew 0-0: Ball
1-0: Ball
2-0: Ground out 5-3 (Groundball, 56S, EV 81.2 MPH)
Top of the 1st over - 1 run, 1 hit, 1 error, 1 left on base; Binghamton 1 - Augusta 0
BOTTOM OF THE 1ST
Augusta GreenJackets batting - Pitching for Binghamton Mets : LHP Steve Lewis
Pitching: LHP Steve Lewis
Batting: RHB Mike Buchanan 0-0: Ball
1-0: Foul Ball, location: 2F
1-1: Swinging Strike
1-2: Foul Ball, location: 2F
1-2: Fly out, F8 (Line Drive, 8LD, EV 100.0 MPH)
Batting: LHB J.P. Olson 0-0: Ball
1-0: Swinging Strike
1-1: Called Strike
1-2: Foul Ball, location: 2F
1-2: Ball
2-2: SINGLE (Flyball, 56D, EV 86.2 MPH)
Batting: RHB Justin Baldwin 0-0: Called Strike
0-1: Ground out 6-3 (Groundball, P, EV 83.8 MPH)
J.P. Olson to second
Batting: LHB Jared Paige 0-0: Fly out, F8 (Flyball, 8RS, EV 90.0 MPH)
Bottom of the 1st over - 0 runs, 1 hit, 0 errors, 1 left on base; Binghamton 1 - Augusta 0
TOP OF THE 2ND
Binghamton Mets batting - Pitching for Augusta GreenJackets : RHP Josh Harriston
Batting: LHB Javy Cavazos 0-0: Called Strike
0-1: Foul Ball, location: 2F
0-2: Ball
1-2: Foul Ball, location: 2F
1-2: Foul Ball, location: 2F
1-2: SINGLE (Line Drive, 78M, EV 89.4 MPH)
Batting: RHB David Stayton 0-0: Called Strike
0-1: Fielders Choice at 2nd, 2-6 (Groundball, 2R, EV 68.8 MPH)
Batting: RHB Tetsuhiro Taki 0-0: Ball
1-0: Called Strike
1-1: Foul Ball, location: 2F
1-2: Strikes out swinging
Batting: SHB Jerry Burrows 0-0: Called Strike
0-1: Ball
1-1: Called Strike
1-2: Ground out 6-3 (Groundball, 6D, EV 110.6 MPH)
Top of the 2nd over - 0 runs, 1 hit, 0 errors, 1 left on base; Binghamton 1 - Augusta 0
BOTTOM OF THE 2ND
Augusta GreenJackets batting - Pitching for Binghamton Mets : LHP Steve Lewis
Batting: RHB Josh Lippens 0-0: Ball
1-0: Called Strike
1-1: Ground out U3 (Groundball, 3, EV 96.9 MPH)
Batting: LHB Gil Caraveo 0-0: Ball
1-0: Ground out 4-3 (Groundball, 34, EV 107.5 MPH)
Batting: RHB Jonathan Reece 0-0: Foul Ball, location: 2F
0-1: Foul Ball, location: 2F
0-2: Strikes out swinging
Bottom of the 2nd over - 0 runs, 0 hits, 0 errors, 0 left on base; Binghamton 1 - Augusta 0
TOP OF THE 3RD
Binghamton Mets batting - Pitching for Augusta GreenJackets : RHP Josh Harriston
Batting: RHB Ben Herman 0-0: Ball
1-0: Fly out, F3 (Line Drive, 3, EV 69.4 MPH)
Batting: LHB Bayesa Mundhir 0-0: SINGLE (Line Drive, 89S, EV 100.6 MPH)
Batting: RHB Bobby Mabrey 0-0: Called Strike
0-1: Ball
1-1: Swinging Strike
1-2: Foul Ball, location: 2F
1-2: Ball
2-2: Ball
3-2: 2-RUN HOME RUN (Flyball, 7D, EV 98.1 MPH), Distance : 380 ft
Batting: SHB Julio Ramos 0-0: Called Strike
0-1: Ball
1-1: Fly out, F9 (Flyball, 9S, EV 91.9 MPH)
Batting: RHB Gang-sheng Chew 0-0: TRIPLE (Flyball, 89XD, EV 107.5 MPH)
Batting: LHB Javy Cavazos 0-0: Ball
1-0: Swinging Strike
1-1: Ground out U3 (Groundball, 34, EV 86.9 MPH)
Top of the 3rd over - 2 runs, 3 hits, 0 errors, 1 left on base; Binghamton 3 - Augusta 0
BOTTOM OF THE 3RD
Augusta GreenJackets batting - Pitching for Binghamton Mets : LHP Steve Lewis
Batting: RHB Gabe Ochoa 0-0: Called Strike
0-1: Foul Ball, location: 2F
0-2: Foul Ball, location: 2F
0-2: Foul Ball, location: 2F
0-2: Ground out 5-3 (Groundball, 5S, EV 88.8 MPH)
Batting: RHB Ryan Johnston 0-0: Ball
1-0: Ball
2-0: Ground out 5-3 (Groundball, 5, EV 104.4 MPH)
Batting: RHB Mike Buchanan 0-0: Called Strike
0-1: Ground out 6-3 (Groundball, 6, EV 81.9 MPH)
Bottom of the 3rd over - 0 runs, 0 hits, 0 errors, 0 left on base; Binghamton 3 - Augusta 0
TOP OF THE 4TH
Binghamton Mets batting - Pitching for Augusta GreenJackets : RHP Josh Harriston
Batting: RHB David Stayton 0-0: Called Strike
0-1: SINGLE (Groundball, 4D, EV 98.8 MPH)
Batting: RHB Tetsuhiro Taki 0-0: Called Strike
0-1: Grounds into double play, 5-4-3 (Groundball, 5, EV 76.9 MPH)
Batting: SHB Jerry Burrows 0-0: SINGLE (Groundball, 6D, EV 94.4 MPH)
Batting: RHB Ben Herman 0-0: Ball
1-0: Foul Ball, location: 2F
1-1: Fly out, F9 (Flyball, 9LS, EV 83.1 MPH)
Top of the 4th over - 0 runs, 2 hits, 0 errors, 1 left on base; Binghamton 3 - Augusta 0
BOTTOM OF THE 4TH
Augusta GreenJackets batting - Pitching for Binghamton Mets : LHP Steve Lewis
Batting: LHB J.P. Olson 0-0: Ground out U3 (Groundball, 34, EV 100.0 MPH)
Batting: RHB Justin Baldwin 0-0: Ball
1-0: Ball
2-0: Ball
3-0: Called Strike
3-1: Swinging Strike
3-2: Base on Balls
Batting: LHB Jared Paige 0-0: Ball
1-0: Fielders Choice at 2nd, 5-4 (Groundball, 5L, EV 86.2 MPH)
Batting: RHB Josh Lippens 0-0: Called Strike
0-1: Ball
1-1: SINGLE (Groundball, 34D, EV 106.9 MPH)
Jared Paige to second
Runner from 2nd tries for 3rd, SAFE, throw by RF made to third
Batting: LHB Gil Caraveo 0-0: Ball
1-0: Ball
2-0: Ball
3-0: Called Strike
3-1: DOUBLE (Line Drive, 78D, EV 107.5 MPH)
Jared Paige scores
Josh Lippens to third
Runner from 3rd tries for Home, SAFE, throw by CF to home
Batting: RHB Jonathan Reece 0-0: Foul Ball, location: 2F
0-1: Swinging Strike
0-2: Ball
1-2: Ball
2-2: Foul Ball, location: 2F
2-2: Fly out, F4 (Line Drive, 4, EV 70.6 MPH)
Bottom of the 4th over - 2 runs, 2 hits, 0 errors, 1 left on base; Binghamton 3 - Augusta 2
TOP OF THE 5TH
Binghamton Mets batting - Pitching for Augusta GreenJackets : RHP Josh Harriston
Now at C: Micah McErlean
Batting: LHB Bayesa Mundhir 0-0: Ball
1-0: Ball
2-0: SINGLE (Groundball, 6MD, EV 106.2 MPH)
Batting: RHB Bobby Mabrey 0-0: Foul Ball, location: 2F
0-1: Called Strike
0-2: Strikes out looking
Batting: SHB Julio Ramos 0-0: Called Strike
0-1: Ball
1-1: Ball
2-1: Ball
3-1: Called Strike
3-2: DOUBLE (Line Drive, 7LD, EV 105.0 MPH)
Bayesa Mundhir to third
Batting: RHB Gang-sheng Chew 0-0: Ball
1-0: Called Strike
1-1: Ball
2-1: Ground out 6-3 (Groundball, 6, EV 92.5 MPH)
Bayesa Mundhir scores
Batting: LHB Javy Cavazos 0-0: Ball
1-0: Ball
Wild Pitch!
Julio Ramos to third
2-0: Ball
3-0: SINGLE (Groundball, 6D, EV 105.0 MPH)
Julio Ramos scores
Pitching: RHP John Bittinger
Batting: RHB David Stayton 0-0: Called Strike
0-1: Ball
1-1: Foul Ball, location: 2F
1-2: Strikes out looking
Top of the 5th over - 2 runs, 3 hits, 0 errors, 1 left on base; Binghamton 5 - Augusta 2
BOTTOM OF THE 5TH
Augusta GreenJackets batting - Pitching for Binghamton Mets : LHP Steve Lewis
Batting: RHB Gabe Ochoa 0-0: Called Strike
0-1: Foul Ball, location: 2F
0-2: Ball
1-2: Strikes out looking
Batting: RHB Ryan Johnston 0-0: Ball
1-0: Ball
2-0: Called Strike
2-1: Foul Ball, location: 2F
2-2: Ball
3-2: Ground out 4-3 (Groundball, 4, EV 91.9 MPH)
Batting: RHB Mike Buchanan 0-0: Called Strike
0-1: Ground out 4-3 (Groundball, 4, EV 90.0 MPH)
Bottom of the 5th over - 0 runs, 0 hits, 0 errors, 0 left on base; Binghamton 5 - Augusta 2
TOP OF THE 6TH
Binghamton Mets batting - Pitching for Augusta GreenJackets : RHP John Bittinger
Batting: RHB Tetsuhiro Taki 0-0: Ball
1-0: Ground out 5-3 (Groundball, 5S, EV 86.2 MPH)
Batting: SHB Jerry Burrows 0-0: Called Strike
0-1: Fly out, F9 (Flyball, 9D, EV 93.1 MPH)
Batting: RHB Ben Herman 0-0: Called Strike
0-1: Ground out 5-3 (Groundball, 56, EV 84.4 MPH)
Top of the 6th over - 0 runs, 0 hits, 0 errors, 0 left on base; Binghamton 5 - Augusta 2
BOTTOM OF THE 6TH
Augusta GreenJackets batting - Pitching for Binghamton Mets : LHP Steve Lewis
Batting: LHB J.P. Olson 0-0: Ball
1-0: Foul Ball, location: 2F
1-1: Ball
2-1: Called Strike
2-2: Ball
3-2: Foul Ball, location: 2F
3-2: SINGLE (Line Drive, 89S, EV 100.6 MPH)
Batting: RHB Micah McErlean 0-0: Fielders Choice at 2nd, 5-4 (Groundball, 56, EV 107.5 MPH)
Batting: LHB Jared Paige 0-0: Swinging Strike
0-1: Swinging Strike
0-2: Ball
1-2: Foul Ball, location: 2F
1-2: SINGLE (Groundball, 56D, EV 101.2 MPH)
Micah McErlean to second
Batting: RHB Josh Lippens 0-0: Called Strike
0-1: Fielders Choice at 2nd, 4-6 (Groundball, 4, EV 90.0 MPH)
Micah McErlean to third
Batting: LHB Gil Caraveo 0-0: Fly out, F8 (Line Drive, 8LD, EV 89.4 MPH)
Bottom of the 6th over - 0 runs, 2 hits, 0 errors, 2 left on base; Binghamton 5 - Augusta 2
TOP OF THE 7TH
Binghamton Mets batting - Pitching for Augusta GreenJackets : RHP John Bittinger
Batting: LHB Bayesa Mundhir 0-0: Ball
1-0: Swinging Strike
1-1: Ball
2-1: Ball
3-1: SINGLE (Groundball, 56D, EV 96.9 MPH)
Batting: RHB Bobby Mabrey 0-0: Called Strike
0-1: Ball
1-1: Ball
2-1: Fly out, F7 (Flyball, 78S, EV 86.2 MPH)
Batting: SHB Julio Ramos 0-0: Ball
1-0: Called Strike
1-1: Fly out, F9 (Flyball, 9D, EV 86.9 MPH)
Batting: RHB Gang-sheng Chew 0-0: Called Strike
0-1: Swinging Strike
0-2: Strikes out looking
Top of the 7th over - 0 runs, 1 hit, 0 errors, 1 left on base; Binghamton 5 - Augusta 2
BOTTOM OF THE 7TH
Augusta GreenJackets batting - Pitching for Binghamton Mets : LHP Steve Lewis
Batting: RHB Jonathan Reece 0-0: Ball
1-0: Ball
2-0: Called Strike
2-1: Swinging Strike
2-2: Ball
3-2: Foul Ball, location: 2F
3-2: Fly out, F8 (Flyball, 8LM, EV 93.1 MPH)
Batting: RHB Gabe Ochoa 0-0: Fly out, F8 (Flyball, 8LM, EV 99.4 MPH)
Batting: RHB Ryan Johnston 0-0: Foul Ball, location: 2F
0-1: Ground out U3 (Groundball, 34S, EV 78.8 MPH)
Bottom of the 7th over - 0 runs, 0 hits, 0 errors, 0 left on base; Binghamton 5 - Augusta 2
TOP OF THE 8TH
Binghamton Mets batting - Pitching for Augusta GreenJackets : RHP John Bittinger
Pitching: RHP Josh Aronhalt
Batting: LHB Javy Cavazos 0-0: Ball
1-0: Foul Ball, location: 2F
1-1: Ball
2-1: Foul Ball, location: 2F
2-2: Ground out 4-3 (Groundball, 4, EV 86.2 MPH)
Batting: RHB David Stayton 0-0: Foul Ball, location: 2F
0-1: Ball
1-1: Ball
2-1: Fly out, F7 (Flyball, 7LS, EV 95.0 MPH)
Batting: RHB Tetsuhiro Taki 0-0: Foul Ball, location: 2F
0-1: Called Strike
0-2: Ball
1-2: Ball
2-2: Strikes out swinging
Top of the 8th over - 0 runs, 0 hits, 0 errors, 0 left on base; Binghamton 5 - Augusta 2
BOTTOM OF THE 8TH
Augusta GreenJackets batting - Pitching for Binghamton Mets : LHP Steve Lewis
Now in RF: Mike Condon
Batting: RHB Mike Buchanan 0-0: Called Strike
0-1: DOUBLE (Flyball, 78D, EV 112.5 MPH)
Pitching: RHP Francis Cornick
Batting: LHB J.P. Olson 0-0: Called Strike
0-1: Ball
1-1: Foul Ball, location: 2F
1-2: Ball
2-2: Strikes out swinging
Batting: RHB Micah McErlean 0-0: Foul Ball, location: 2F
0-1: Foul Ball, location: 2F
0-2: Foul Ball, location: 2F
0-2: Ball
1-2: DOUBLE (Groundball, 5L, EV 102.5 MPH)
Mike Buchanan scores
Pitching: LHP Mike Capers
Batting: RHB Adam Solesbee 0-0: Foul Ball, location: 2F
0-1: Fly out, F8 (Flyball, 8RM, EV 88.1 MPH)
Batting: RHB Josh Lippens 0-0: Ball
1-0: Ground out 6-3 (Groundball, 6MD, EV 85.6 MPH)
Bottom of the 8th over - 1 run, 2 hits, 0 errors, 1 left on base; Binghamton 5 - Augusta 3
TOP OF THE 9TH
Binghamton Mets batting - Pitching for Augusta GreenJackets : RHP Josh Aronhalt
Pitching: RHP Takashi Kino
Batting: SHB Jerry Burrows 0-0: Ball
1-0: Called Strike
1-1: Ball
2-1: Ball
3-1: Swinging Strike
3-2: Strikes out swinging, 2-3 out at first.
Batting: RHB Ben Herman 0-0: Ball
1-0: Called Strike
1-1: Ground out 6-3 (Groundball, 6, EV 80.0 MPH)
Batting: LHB Bayesa Mundhir 0-0: Called Strike
0-1: Fly out, F9 (Flyball, 9LM, EV 89.4 MPH)
Top of the 9th over - 0 runs, 0 hits, 0 errors, 0 left on base; Binghamton 5 - Augusta 3
BOTTOM OF THE 9TH
Augusta GreenJackets batting - Pitching for Binghamton Mets : LHP Mike Capers
Pitching: RHP Jason Vulich
Now at 1B: Adam Barry
Batting: LHB Gil Caraveo 0-0: Called Strike
0-1: Ball
1-1: Called Strike
1-2: Foul Ball, location: 2F
1-2: Foul Ball, location: 2F
1-2: Ground out 5-3 (Groundball, 56S, EV 90.0 MPH)
Pinch Hitting: LHB Pong-keun Koh 0-0: Called Strike
0-1: SINGLE (Groundball, 4MD, EV 107.5 MPH)
Batting: RHB Gabe Ochoa 0-0: Fielders Choice at 2nd, 5-4 (Groundball, 5, EV 90.6 MPH)
Batting: RHB Ryan Johnston 0-0: Called Strike
0-1: Called Strike
0-2: Ball
1-2: Foul Ball, location: 2F
1-2: SINGLE (Groundball, 6M, EV 82.5 MPH) (infield hit)
Gabe Ochoa to second
Batting: RHB Mike Buchanan 0-0: Ball
1-0: Called Strike
1-1: Ball
2-1: Foul Ball, location: 2F
2-2: Foul Ball, location: 2F
2-2: Foul Ball, location: 2F
2-2: Foul Ball, location: 2F
2-2: Ground out 5-3 (Groundball, 56S, EV 65.6 MPH)
Bottom of the 9th over - 0 runs, 2 hits, 0 errors, 2 left on base; Binghamton 5 - Augusta 3
Wednesday, June 22nd , 2022 - OOTP Baseball 23.4 Build 64